 Dungeon Crawl Stone Soup version 0.31.0-9-g3a7656b989 (webtiles) character file.

Game seed: 13573660459796223576

59 qw the Shooter (level 3, -2/18 HPs)
             Began as a Spriggan Hunter on Feb 2, 2024.
             Slain by Ijyb
             ... wielding a +0 club
              (5 damage)
             ... on level 3 of the Dungeon.
             The game lasted 00:00:06 (1571 turns).

qw the Shooter (Spriggan Hunter)                    Turns: 1571, Time: 00:00:07

Health: -2/18      AC:  2    Str:  6 (7)  XL:     3   Next: 78%
Magic:  4/4        EV: 19    Int:  8 (10) God:
Gold:   125        SH:  0    Dex: 19 (20) Spells: 2/2 levels left

rFire   . . .        a - +0 shortbow
rCold   . . .        (shield currently unavailable)
rNeg    . . .        c - +0 robe
rPois   .            (helmet restricted)
rElec   .            (no cloak)
rCorr   .            (gloves unavailable)
SInv    +            (boots unavailable)
Will    .....        (no amulet)
Stlth   +            (no ring)
HPRegen 0.23/turn    (no ring)
MPRegen 0.09/turn

%: no passive effects
@: confused, very quick
A: very small, no large weapons, unfitting armour, see invisible, speed 3
a: no special abilities


You were on level 3 of the Dungeon.
You visited 1 branch of the dungeon, and saw 3 of its levels.

You collected 125 gold pieces.


Innate Abilities, Weirdness & Mutations

You are very small and have problems with some larger weapons.
You are too small for most types of armour.
You have supernaturally acute eyesight. (SInv)
You cover ground extremely quickly. (Speed+++)


   Skills:
 - Level 1.5 Fighting
 - Level 5.0 Ranged Weapons
 + Level 4.0 Dodging
 - Level 1.5 Stealth


You had 2 spell levels left.
You didn't know any spells.
Your spell library was empty.

Inventory:

Hand Weapons
 a - a +0 shortbow (weapon)
Armour
 c - a +0 robe (worn)
Wands
 b - a wand of light (9)
Scrolls
 f - a scroll of identify
Potions
 d - a potion of might
 k - a potion of resistance
 l - 2 potions of lignification {unknown}
 m - a potion of mutation {unknown}
 n - a potion of enlightenment {unknown}

Dungeon Overview and Level Annotations

Branches:
Dungeon (3/15)

Altars:

Shops:
D:2 (

Annotations:
D:3 Ijyb


Message History

You shoot an arrow. The arrow hits Ijyb but does no damage.
Ijyb is lightly wounded.
Ijyb splashes around in the water.
You shoot an arrow. The arrow barely misses Ijyb.
Ijyb screams, "Get away!"
Ijyb closely misses you.
You shoot an arrow. The arrow closely misses Ijyb.
Ijyb zaps a wand.
You resist with some effort.
You shoot an arrow. The arrow barely misses Ijyb.
Ijyb zaps a wand.
Your will is overpowered!
You are confused.
Ijyb zaps a wand.
Your will is overpowered!
You are more confused.
Ijyb zaps a wand.
Your will is overpowered!
You are more confused.
Ijyb hits you with a +0 club! Ijyb hits you but does no damage.
Ijyb zaps a wand.
Your will is overpowered!
You are more confused.
Ijyb splashes around in the water.
Ijyb zaps a wand.
You resist with some effort. Ijyb barely misses you.
Ijyb hits you with a +0 club. Ijyb barely misses you.
Ijyb splashes around in the water.
Ijyb completely misses you.
Ijyb splashes around in the water.
Ijyb misses you. Ijyb hits you with a +0 club. Ijyb misses you.
Ijyb hits you with a +0 club. Ijyb misses you.
Ijyb zaps a wand.
Your will is overpowered!
You are more confused.
Ijyb zaps a wand.
You resist with some effort.
Ijyb splashes around in the water.
Ijyb splashes around in the water.
Ijyb hits you with a +0 club. Ijyb hits you with a +0 club.
You die...

###.#.........#########....###
..............................>#
#.#.#...#.#..#######.....###.#
#.#.#.#+#.##.....##..##..# #.#
#.#.#.....#..............# #.#
###.#.##....#..###....###..# #.#
..#.#.......#.#...#..#...#.# #.#
#.#..<......#.#.}.#.%#.}.#.# #..
#.#...##....#.#@..#~~#...#.###.#
#.#...##....#.g###~~~~###~.'....
#...........#.. ~~~~~~~~..###.#
###.######..... ~~~~~~~~~.......
#.######....~###~~~~###~..##..
.###...........# .#~~#...#..##..


bg............. #..#.}.#..##.. .####.......... .#..#...#...... #........
##....###..##... You could see Ijyb.

Vanquished Creatures
  An adder (D:2)
  A ribbon worm (D:2)
  3 orcs (D:3)
  4 endoplasms
  4 giant cockroaches
  A goblin (D:3)
  6 hobgoblins
  4 jackals (D:1)
  A kobold (D:2)
  A ball python (D:2)
  3 bats
  4 frilled lizards
  8 rats
41 creatures vanquished.

Notes
Turn   | Place    | Note
-------+----------+-------------------------------------------
     0 | D:1      | qw the Spriggan Hunter began the quest for the Orb.
     0 | D:1      | Reached XP level 1. HP: 10/10 MP: 2/2
     0 | D:1      | 0 ||| qw: Version: 0.3-a-155-g5e7d8dd
     0 | D:1      | 0 ||| qw: Game counter: 1968
     0 | D:1      | 0 ||| qw: Melee chars always use a shield: true
     0 | D:1      | 0 ||| qw: God list: Okawaru
     0 | D:1      | 0 ||| qw: Allow faded altars: false
     0 | D:1      | 0 ||| qw: Do Orc after clearing Dungeon:15 true
     0 | D:1      | 0 ||| qw: Do second Lair branch before Depths: true
     0 | D:1      | 0 ||| qw: Lair rune preference: random
     0 | D:1      | 0 ||| qw: Goals: Normal
     0 | D:1      | 0 ||| PLANNING D:1-11
    41 | D:1      | Reached skill level 3 in Dodging
   128 | D:1      | Reached XP level 2. HP: 14/14 MP: 3/3
   495 | D:1      | 495 ||| READING scroll labelled PUVYRO XYS BAMIP.
   496 | D:1      | 496 ||| READING scroll labelled VUHAZEGONE.
   496 | D:1      | 496 ||| IDENTIFYING bubbling red potion
   497 | D:1      | 497 ||| READING scroll labelled LEFU PITAETT.
   501 | D:1      | 501 ||| DRINKING 2 lumpy pink potions.
   502 | D:1      | 502 ||| DROPPING scroll of butterflies.
   503 | D:1      | 503 ||| DROPPING potion of degeneration.
   632 | D:2      | Found Faluf's Weapon Boutique.
   722 | D:2      | Reached XP level 3. HP: 18/18 MP: 4/4
   862 | D:2      | Found a faded altar of an unknown god.
  1278 | D:2      | 1278 ||| READING 3 scrolls of identify.
  1278 | D:2      | 1278 ||| IDENTIFYING clear potion
  1279 | D:2      | 1279 ||| READING 2 scrolls of identify.
  1279 | D:2      | 1279 ||| IDENTIFYING metallic blue potion
  1280 | D:2      | 1280 ||| READING scroll of identify.
  1280 | D:2      | 1280 ||| IDENTIFYING brown potion
  1281 | D:2      | 1281 ||| READING scroll labelled GIRHIAFUUH.
  1282 | D:2      | 1282 ||| READING scroll labelled UWAUZO MO JURO.
  1409 | D:3      | Reached skill level 5 in Ranged Weapons
  1425 | D:3      | Noticed Ijyb
  1429 | D:3      | 1429 ||| DRINKING potion of curing.
  1429 | D:3      | 1429 ||| (to cure confusion)
  1446 | D:3      | HP: 4/18 [Ijyb/+0 club (4)]
  1447 | D:3      | 1447 ||| DRINKING potion of heal wounds.
  1456 | D:3      | HP: 4/18 [Ijyb/+0 club (6)]
  1457 | D:3      | 1457 ||| READING scroll of teleportation.
  1457 | D:3      | HP: 1/18 [Ijyb/+0 club (4)]
  1570 | D:3      | HP: 3/18 [Ijyb/+0 club (4)]
  1571 | D:3      | Slain by Ijyb

Levels and vault maps discovered:
D:1:      lightli_arrival_boilingwater, layout_basic, minmay_pentomino_p4
D:2:      layout_basic, shapermc_ecumenical_altar_starsandcircs, serial_shops,
          shop
D:3:      layout_basic, lemuel_coloured_pillars_altar, serial_shops,
          nicolae_diamond_shop, fountainhead, dk_noncrumbling_4,
          kennysheep_generic_room_6, uniq_natasha, uniq_ijyb

Skill      XL: |  1  2  3 |
---------------+----------+-----
Dodging        | 3 4 |  4.0
Ranged Weapons | 5 |  5.0
Fighting       | |  1.5
Stealth        | |  1.5

Action                     || total
---------------------------++-------
   Fire: Shortbow          ||   122
    Use: Scroll            ||     9
         Potion            ||     3
 Armour: Robe              ||    24
  Dodge: Dodged            ||    49

Table legend:
 A = Non-vault XP
 B = Vault XP
 C = Vault XP percentage of total XP
 D = Non-vault monster count
 E = Vault monster count
 F = Vault count percentage of total count
                 A         B        C        D         E       F
            +---------+---------+-------+---------+---------+-------
      Total |      82 |       3 |   3.5 |      39 |       2 |   4.9
            +---------+---------+-------+---------+---------+-------
        D:1 |      24 |       3 |  11.1 |      15 |       2 |  11.8
        D:2 |      41 |       0 |   0.0 |      16 |       0 |   0.0
        D:3 |      17 |       0 |   0.0 |       8 |       0 |   0.0
            +---------+---------+-------+---------+---------+-------
